 Dungeon Crawl Stone Soup version 0.27-a0-1500-g450c7e4133 (webtiles) character file.

Game seed: 12458667907233856060

297 lunkers the Insei (level 6, -2/43 HPs)
             Began as a Djinni Warper on July 8, 2021.
             Splashed by an acid dragon's acid (10 damage)
             ... on level 4 of the Dungeon.
             The game lasted 00:04:39 (4910 turns).

lunkers the Insei (Djinni Warper)                   Turns: 4910, Time: 00:04:40

Health: -2/43      AC:  2    Str: 10    XL:     6   Next: 62%
Gold:   185        EV: 10    Int: 17    God:
                   SH:  0    Dex: 12

rFire    + + .     SeeInvis .     - Unarmed
rCold    x . .     Faith    .   (no shield)
rNeg     . . .     Spirit   .   p - +0 ring mail
rPois    ∞         Reflect  .   (no helmet)
rElec    .         Harm     .   u - scarf {+Inv}
rCorr    .         Rampage  .   o - +0 pair of gloves
Will     .....                  (boots unavailable)
Stlth    +.........             (no amulet)
HPRegen  0.14/turn              (no ring)
MPRegen  0.00/turn              (no ring)

@: corroded, flying, studying Stealth
A: sickness immunity, fire resistance 2, cold vulnerability 1, float, innate
caster, hp casting, extra vitality 1
a: Evoke Invisibility


You were on level 4 of the Dungeon.
You visited 1 branch of the dungeon, and saw 4 of its levels.

You collected 185 gold pieces.

Inventory:

Missiles
 c - 5 boomerangs of dispersal
Armour
 a - a +0 leather armour
 o - a +0 pair of gloves (worn)
 p - a +0 ring mail (worn)
 u - a scarf of invisibility (worn)
Wands
 m - a wand of polymorph (5)
Scrolls
 h - a scroll of brand weapon {unknown}
 i - a scroll of enchant weapon {unknown}
 j - a scroll of enchant armour {unknown}
 k - a scroll of fear
 l - a scroll of noise {unknown}
 n - a scroll of summoning {unknown}
 q - a scroll of torment {unknown}
 r - a scroll of identify {unknown}
 t - a scroll of vulnerability {unknown}
Potions
 d - 2 potions of curing {unknown}
 e - 2 potions of haste {unknown}
 f - a potion of brilliance {unknown}
 g - 2 potions of heal wounds {unknown}
 s - a potion of ambrosia {unknown}


   Skills:
 - Level 2.0 Fighting
 - Level 0.7 Throwing
 - Level 1.0 Armour
 - Level 2.1 Dodging
 * Level 5.4 Unarmed Combat
 + Level 3.6 Spellcasting


You couldn't memorise any spells.
You knew the following spells:

 Your Spells              Type           Power      Damage    Failure   Level
a - Sting                 Tmut/Pois      60%        1d6       10%         1
b - Lesser Beckoning      Tloc           7%         N/A       28%         3
c - Gell's Gravitas       Tloc           7%         N/A       28%         3
d - Teleport Other        Tloc           15%        N/A       28%         3
e - Manifold Assault      Tloc           15%        N/A       95%         5
f - Corpse Rot            Necr/Air       N/A        N/A       14%         2
p - Blink                 Tloc           N/A        N/A       14%         2
Your spell library was empty.

Dungeon Overview and Level Annotations

Branches:
Dungeon (4/15)
 Temple: D:4-7

Altars:


Innate Abilities, Weirdness & Mutations

You are immune to sickness and miasma.
You are immune to poison.
Your flesh is very heat resistant. (rF++)
You are vulnerable to cold. (rC-)
You float through the air rather than walking.
You learn spells naturally, not from books.
Your magical power is your life essence.
You have superior vitality. (+4 HP)


Message History

The acid dragon resists with some effort.
The acid dragon bites you.
* * * LOW HITPOINT WARNING * * *
The acid dragon barely misses you.
Aiming: Polymorph
Press: ? - help, Shift-Dir - straight line, f/p - acid dragon
Aim: an acid dragon (will become a wyvern, a steam dragon, or a fire bat, chance to affect: 46%)
The acid dragon resists with some effort.
The acid dragon misses you. The acid dragon closely misses you.
Aiming: Polymorph
Press: ? - help, Shift-Dir - straight line, f/p - acid dragon
Aim: an acid dragon (will become a wyvern, a steam dragon, or a fire bat, chance to affect: 46%)
The acid dragon evaporates and reforms as a fire bat!
The fire bat bites you but does no damage.
The fire bat bites you.
* * * LOW HITPOINT WARNING * * *
You are engulfed in flames.
You resist.
* * * LOW HITPOINT WARNING * * *
Aiming: Polymorph
Press: ? - help, Shift-Dir - straight line, f/p - fire bat
Aim: a fire bat (will become a sky beast, a tengu, or an acid dragon, chance to affect: 54%)
The fire bat evaporates and reforms as an acid dragon!
The acid dragon bites you!
* * * LOW HITPOINT WARNING * * *
The acid dragon barely misses you.
Unknown command.
Okay, then.
As you read the scroll labelled GAUNISU HE OQI, it crumbles to dust.
You assume a fearsome visage.
The acid dragon looks frightened!
It was a scroll of fear.
A water moccasin comes into view.
Cornered, the acid dragon turns to fight!
Blink to where?
Press: ? - help, Dir - move target
As you read the scroll of blinking, it crumbles to dust.
The acid dragon spits acid at you. The splash of acid hits you.
* * * LOW HITPOINT WARNING * * *
The acid corrodes you!
You are splashed with acid!
You die...

### .... ..# .... #.#.#
..... #.#.#
.....##'###########.#.#
..........'.@.....D...#
..........###)...##...#
## ..........#
#....+....# .#
..........# #....#....#
.#
.......†<.###....#§...#
.#
########'#..#.####....#
.# #†#..#....D....# .#
#.#..######....# .#
#.#..# #....#


You could see an acid dragon (catching breath).

Vanquished Creatures
  A centaur (D:4)
  A hound (D:4)
  Jessica (D:2)
  An orc wizard (D:3)
  A hound zombie (D:3)
  4 adders
  3 orcs (D:3)
  3 ball pythons
  3 bats
  5 endoplasms
  2 giant cockroaches
  7 goblins
  6 hobgoblins
  10 jackals
  2 quokkas
  4 frilled lizards
  13 kobolds
  9 rats
76 creatures vanquished.

Vanquished Creatures (others)
  5 plants (D:3)
  10 toadstools (D:4)
15 creatures vanquished.

Grand Total: 91 creatures vanquished

Notes
Turn   | Place    | Note
-------+----------+-------------------------------------------
     0 | D:1      | lunkers the Djinni Warper began the quest for the Orb.
     0 | D:1      | Reached XP level 1. HP: 18/18 MP: 0/0
    69 | D:1      | Found a faded altar of an unknown god.
   475 | D:1      | Reached XP level 2. HP: 22/23 MP: 0/0
  1120 | D:1      | Reached XP level 3. HP: 28/28 MP: 0/0
  1120 | D:1      | Learned a level 1 spell: Sting
  1179 | D:1      | Reached skill level 3 in Unarmed Combat
  2148 | D:2      | Reached XP level 4. HP: 21/33 MP: 0/0
  3003 | D:2      | Noticed Jessica
  3014 | D:2      | Killed Jessica
  3015 | D:2      | Reached skill level 4 in Unarmed Combat
  3015 | D:2      | Reached XP level 5. HP: 30/38 MP: 0/0
  3015 | D:2      | Learned a level 2 spell: Corpse Rot
  4559 | D:4      | Reached skill level 5 in Unarmed Combat
  4559 | D:4      | Reached XP level 6. HP: 37/43 MP: 0/0
  4815 | D:4      | Noticed a water moccasin
  4893 | D:4      | Noticed an acid dragon
  4893 | D:4      | a water moccasin changed into an acid dragon
  4897 | D:4      | Noticed a fire bat
  4897 | D:4      | an acid dragon changed into a fire bat
  4898 | D:4      | Noticed an acid dragon
  4898 | D:4      | a fire bat changed into an acid dragon
  4899 | D:4      | Noticed a water moccasin
  4910 | D:4      | Splashed by an acid dragon's acid

Illustrated notes

Levels and vault maps discovered:
D:1:      evilmike_arrival_fibonacci_small, layout_basic,
          hellmonk_ecumenical_altar_pennies_from_heaven
D:2:      layout_basic, uniq_jessica
D:3:      layout_loops_cross, lexackson_kobold_supper
D:4:      cheibrodos_fertilizer, layout_basic, chei_slow_surprise,
          minmay_fountain_box, guppyfry_shop_venom

Skill      XL: |  1  2  3  4  5 |
---------------+----------------+-----
Unarmed Combat | 3 4 5 |  5.4
Spellcasting   | 3 |  3.6
Fighting       | |  2.0
Throwing       | |  0.7
Armour         | |  1.0
Dodging        | |  2.1

Action                   |  1- 3 |  4- 6 || total
-------------------------+-------+-------++-------
Melee: Unarmed           |    69 |    62 ||   131
       Punch             |     2 |       ||     2
 Cast: Sting             |    24 |   101 ||   125
Evoke: Wand              |       |     6 ||     6
  Use: Scroll            |       |     2 ||     2
Armor: Leather armour    |    26 |    12 ||    38
       Ring mail         |       |    38 ||    38
Dodge: Dodged            |    53 |    77 ||   130

Table legend: (Time is in decaauts)
 A = Elapsed time spent in this place.
 B = Non-inter-level travel time spent in this place.
 C = Inter-level travel time spent in this place.
 D = Time resting spent in this place.
 E = Time spent auto-exploring this place.
 F = Levels seen in this place.
 G = Mean time per level.
                   A        B        C        D        E       F      G
               +--------+--------+--------+--------+--------+-----+--------+
         Total |   4905 |   4635 |    270 |    876 |   3169 |   4 | 1226.2 |
       Dungeon |   4905 |   4635 |    270 |    876 |   3169 |   4 | 1226.2 |
               +--------+--------+--------+--------+--------+-----+--------+

Top non-repeatable levels by time:
     D:1: 2190 daAuts
     D:2: 1362 daAuts
     D:3: 993 daAuts
     D:4: 359 daAuts
